Map: Lerilak Crest

Players

TubbyJeff - Winner!

  • Race: Zerg Zerg
  • League: Gold

LilDicky

  • Race: Terran Terran
  • League: Diamond

VOD

http://www.twitch.tv/tumescentpie

Description

Time

  • Played on: Jan. 3, 2016, 5:10 a.m.
  • Length: 1:30
Show
View Real Time Build Order
Export as new Build Order

TubbyJeff Zerg - Winner!

Build Orders: Hatch First 

Get SALT Encoding   

  12  0:03  Drone  
  13  0:08  Drone  
  13  0:14  Extractor  
  13  0:16  Drone  
  15  0:25  Overlord  
  15  0:50  Hatchery  
  15  0:51  Drone  
  15  0:57  Drone  
  16  0:59  Drone  
  17  1:16  Spawning Pool  
  16  1:18  Drone  
Show
View Real Time Build Order
Export as new Build Order

LilDicky Terran 

Build Orders:  

Get SALT Encoding   

  12  0:03  SCV  
  13  0:15  SCV  
  13  0:19  Supply Depot  
  14  0:27  SCV  
  15  0:40  SCV  
  16  0:52  SCV  
  17  1:04  SCV  
  18  1:14  Command Center  
  18  1:16  SCV  
Tags
 
Add a new tag
Caveats
  • Supply blocks, unpowered buildings, or Contaminate may cause inaccurate times.
  • Supply counts are checked every 10 seconds.